 Dungeon Crawl Stone Soup version 0.21-a0-476-gd103f4b (webtiles) character file.

32 tof the Skirmisher (level 3, 0/29 HPs)
             Began as a Demonspawn Berserker on Nov 22, 2017.
             Was a Believer of Trog.
             Succumbed to a worker ant's poison
             ... on level 2 of the Dungeon.
             The game lasted 00:00:55 (1240 turns).

tof the Skirmisher (Demonspawn Berserker)           Turns: 1240, Time: 00:00:56

Health: 0/29       AC:  2    Str: 17    XL:     3   Next: 8%
Magic:  3/3        EV: 12    Int:  8    God:    Trog [**....]
Gold:   17         SH:  0    Dex: 13    Spells: 2/2 levels left

rFire    . . .     SeeInvis .   a - +0 falchion
rCold    . . .     Gourm    .   (no shield)
rNeg     . . .     Faith    .   b - +0 animal skin
rPois    .         Spirit   .   (no helmet)
rElec    .         Reflect  .   (no cloak)
rCorr    .         Harm     .   (no gloves)
MR       .....                  (no boots)
Stlth    +.........             (no amulet)
HPRegen  0.09/turn              (no ring)
MPRegen  0.08/turn              (no ring)

@: lethally poisoned (0 -> -24)
A: spiny 1
a: Berserk, Trog's Hand, Burn Spellbooks, Renounce Religion


You were on level 2 of the Dungeon.
You worshipped Trog.
Trog was pleased with you.
You were very hungry.

You visited 1 branch of the dungeon, and saw 2 of its levels.

You collected 17 gold pieces.

Inventory:

Hand Weapons
 a - a +0 falchion (weapon)
Missiles
 i - 6 curare-tipped needles
Armour
 b - a +0 animal skin (worn)
Scrolls
 d - 2 scrolls of remove curse {unknown}
 e - a scroll of amnesia {unknown}
 g - a scroll of identify {unknown}
Potions
 f - a potion of haste {unknown}
 h - 2 potions of curing {unknown}
Comestibles
 c - a bread ration


   Skills:
 + Level 3.2 Fighting
 * Level 3.2 Long Blades
 + Level 2.1 Armour
 + Level 2.1 Dodging


You had 2 spell levels left.
You didn't know any spells.

Dungeon Overview and Level Annotations

Branches:
Dungeon (2/15)

Altars:


Innate Abilities, Weirdness & Mutations

You are partially covered in sharp spines.


Message History

* * * LOW HITPOINT WARNING * * *
The worker ant is struck by your spines.
The worker ant bites you but does no damage.
You hit the worker ant.
The worker ant is severely wounded.
* * * LOW HITPOINT WARNING * * *
You feel sick. The worker ant bites you.
* * * LOW HITPOINT WARNING * * *
You hit the worker ant.
The worker ant is almost dead.
* * * LOW HITPOINT WARNING * * *
You feel sick.
The worker ant is struck by your spines.
The worker ant bites you.
* * * LOW HITPOINT WARNING * * *
You are more poisoned.
The worker ant poisons you!
You hit the worker ant but do no damage.
The worker ant is almost dead.
You die...

#.# . #.. ###.###.#
. #.. .....#. ..
#.. ...... .. #..
#..#.#.#.. #.. .###
#....... #..
.....##.#a.##.# #.#
#....@....# #.#
####.###### #.# #.#
#.# #.####### #.#
#.......#########.#
#######.##........#
#....########
######


You could see a worker ant.

Vanquished Creatures
  An ooze (D:1)
  2 dart slugs (D:1)
  A bat (D:1)
  A giant cockroach (D:1)
  5 hobgoblins (D:1)
  5 frilled lizards (D:1)
  2 goblins
  4 kobolds (D:1)
  2 rats (D:1)
23 creatures vanquished.

Notes
Turn   | Place    | Note
-------+----------+-------------------------------------------
     0 | D:1      | tof the Demonspawn Berserker began the quest for the Orb.
     0 | D:1      | Reached XP level 1. HP: 18/18 MP: 1/1
   319 | D:1      | Gained mutation: You are partially covered in sharp spines. [demonic ancestry]
   319 | D:1      | Reached XP level 2. HP: 9/24 MP: 2/2
   937 | D:1      | Reached ** piety under Trog
  1128 | D:1      | Reached XP level 3. HP: 29/29 MP: 3/3
  1240 | D:2      | Succumbed to a worker ant's poison

Vault maps used:
D:1:      giann_wishing_wells, hangedman_decor_growths

Skill      XL: |  1  2 |
---------------+-------+-----
Armour         | 2 |  2.1
Dodging        | 2 |  2.1
Long Blades    | 3 |  3.2
Fighting       | |  3.2

Action                   || total
-------------------------++-------
Melee: Falchion          ||    59
 Stab: Sleeping          ||     3
Armor: Animal skin       ||    12
Dodge: Dodged            ||    32
       Rpst.: Falchion   ||    12

Table legend:
 A = Spawn XP
 B = Non-spawn XP
 C = Spawn XP percentage of total XP
 D = Spawn monster count
 E = Non-spawn monster count
 F = Spawn count percentage of total count
 G = Total turns spent on level
                    A         B        C        D         E        F      G
               +---------+---------+-------+---------+---------+-------+---------
         Total |       0 |      46 |   0.0 |       0 |      23 |   0.0 |  1240
               +---------+---------+-------+---------+---------+-------+---------
           D:1 |       0 |      44 |   0.0 |       0 |      22 |   0.0 |  1193
           D:2 |       0 |       2 |   0.0 |       0 |       1 |   0.0 |    47
               +---------+---------+-------+---------+---------+-------+---------
